Mustangs vs Gangsters
Created - November 12, 2017 at 22:19
Goals
|
| Mustangs |
3 |
0 |
3 |
6 |
| Gangsters |
2 |
0 |
2 |
4 |
|
Shots
|
| Mustangs |
17 |
6 |
15 |
38 |
| Gangsters |
9 |
7 |
11 |
27 |
|
1st period
1. Mustangs , Mark Pysyk 1 (Marcus Foligno 12, Rick Schofield 4) at 6:12 (PP)
2. Mustangs , Jerome Samson 2 (Derek Joslin 8, Riley Sheahan 18) at 13:49
3. Mustangs , Josh Jooris 11 (Eric Wellwood 14) at 16:37 (PP)
4. Gangsters , Devante Smith-Pelly 3 (Tomas Hertl 6, Magnus Paajarvi-Svensson 8) at 16:45
5. Gangsters , Tomas Hertl 7 (Magnus Paajarvi-Svensson 9, Bryan Young 7) at 19:13
Penalties :
Chris Bourque (Bro) for Hooking (Minor) at 5:37, Devante Smith-Pelly (Bro) for Hooking (Minor) at 7:30, Stefan Noesen (Bro) for Interference (Minor) at 16:35
2nd period
No Goal
Penalties :
Alexei Marchenko (Ham) for Hooking (Minor) at 2:21, Chris Bourque (Bro) for Holding (Minor) at 9:10, Devante Smith-Pelly (Bro) for Hooking (Minor) at 18:50
3rd period
6. Mustangs , Josh Jooris 12 (Eric Wellwood 15, Riley Sheahan 19) at 10:17 (PP)
7. Gangsters , Tomas Hertl 8 (Matt Delahey 4) at 11:26
8. Mustangs , Rick Schofield 4 (Cameron Gaunce 5) at 12:01
9. Gangsters , Richard Panik 8 (Chris Bourque 5) at 16:10
10. Mustangs , Jerome Samson 3 (Scott Mayfield 1, Joshua Leivo 1) at 18:48
Penalties :
Curtis Hamilton (Ham) for Boarding (Minor) at 1:19, Derrick Pouliot (Bro) for Hooking (Minor) at 10:11
Goalie Stats
Peter Mannino (Ham), 23 saves from 27 shots - (0.852), W, 5-5-2, 60:00 minutes
Mike Condon (Bro), 32 saves from 38 shots - (0.842), L, 3-4-0, 60:00 minutes
Players Stats for Mustangs
Player Name G A P +/- PIM S H SB GA TA FO MP PP MP PK MP
------------------------------------------------------------------------------------
Alexei Marchenko 0 0 0 -1 2 2 1 0 0 2 0/0 12:44 0:00 1:03
Andreas Athanasiou 0 0 0 1 0 1 4 0 1 1 0/3 13:08 0:00 0:54
Andrew Shaw 0 0 0 0 0 0 2 2 1 0 0/0 15:06 3:09 0:00
Brady Skjei 0 0 0 0 0 2 3 0 0 2 0/0 19:41 2:47 0:16
Cameron Gaunce 0 1 1 0 0 2 3 0 0 0 0/0 27:13 3:53 1:42
Curtis Hamilton 0 0 0 0 2 0 1 0 0 0 0/0 8:32 0:00 0:00
Derek Joslin 0 1 1 0 0 2 0 2 3 2 0/0 28:00 3:53 2:32
Eric Wellwood 0 2 2 -2 0 4 2 0 1 1 1/2 21:29 3:08 1:02
Francis Paré 0 0 0 0 0 2 0 0 0 1 0/0 8:48 0:20 0:00
Jerome Samson 2 0 2 1 0 4 0 0 0 0 0/1 12:53 0:32 0:00
Josh Jooris 2 0 2 -2 0 6 0 0 0 0 1/2 21:02 3:05 0:59
Joshua Leivo 0 1 1 1 0 1 2 0 0 0 0/1 12:17 0:23 0:00
Marcus Foligno 0 1 1 0 0 2 2 2 0 0 1/1 16:46 3:09 1:57
Mark Pysyk 1 0 1 0 0 3 2 2 0 2 0/0 20:38 2:47 2:00
Rick Schofield 1 1 2 0 0 2 3 0 0 0 7/11 15:34 3:06 0:59
Riley Nash 0 0 0 0 0 2 1 0 1 0 4/4 8:13 0:00 0:00
Riley Sheahan 0 2 2 -2 0 2 1 0 0 0 13/32 22:12 3:08 2:05
Scott Mayfield 0 1 1 -1 0 1 2 0 1 0 0/0 11:44 0:00 0:23
Players Stats for Gangsters
Player Name G A P +/- PIM S H SB GA TA FO MP PP MP PK MP
------------------------------------------------------------------------------------
Artem Anisimov 0 0 0 1 0 1 2 0 2 0 15/25 22:48 1:56 4:08
Brendan Woods 0 0 0 -2 0 1 0 0 0 1 0/0 12:41 0:06 0:00
Bryan Young 0 1 1 3 0 1 1 4 0 2 0/0 28:29 1:33 3:58
Chris Bourque 0 1 1 1 4 4 3 0 0 0 4/8 21:22 1:56 2:35
Derrick Pouliot 0 0 0 0 2 0 0 0 0 1 0/0 10:52 0:33 0:00
Devante Smith-Pelly 1 0 1 2 4 2 5 0 3 0 0/0 14:22 1:56 0:00
Jonas Brodin 0 0 0 -2 0 3 1 1 0 2 0/0 20:38 1:52 2:42
Magnus Paajarvi-Svensson 0 2 2 2 0 3 4 1 1 1 0/0 15:31 1:56 1:13
Matt Delahey 0 1 1 3 0 2 1 1 0 0 0/0 28:29 1:33 3:58
Maxime Sauvé 0 0 0 -2 0 1 1 2 2 1 4/7 13:16 0:00 1:15
Morgan Ellis 0 0 0 -2 0 1 6 1 0 0 0/0 20:38 1:52 2:42
Phillip Danault 0 0 0 0 0 0 0 0 0 0 0/1 7:54 0:00 0:13
Richard Panik 1 0 1 1 0 4 1 0 1 0 1/2 18:34 1:56 0:00
Ryan Culkin 0 0 0 0 0 0 0 1 0 0 0/0 10:53 0:33 0:00
Sebastian Collberg 0 0 0 0 0 0 1 0 0 0 0/0 7:55 0:06 0:00
Seth Griffith 0 0 0 0 0 1 4 0 2 0 1/2 9:41 0:00 1:52
Stefan Noesen 0 0 0 -2 2 0 1 0 0 0 0/0 12:40 0:06 0:00
Tomas Hertl 2 1 3 2 0 3 1 0 0 0 5/12 16:31 1:56 2:04
3 Stars
1 - Tomas Hertl (Bro)
2 - Jerome Samson (Ham)
3 - Magnus Paajarvi-Svensson (Bro)
Power Play
Mustangs - 3 on 6 Attempt(s) - 50.00%
Gangsters - 0 on 2 Attempt(s) - 0.00%
Penalty Kill
Mustangs - 2 on 2 Attempt(s) - 100.00%
- Score 0 goal in Penalty Kill
Gangsters - 3 on 6 Attempt(s) - 50.00%
- Score 0 goal in Penalty Kill
Team Stat
Mustangs - Hits : 29 - Faceoff Wins : 27 - Blocked Shots : 8 - Penalty Minutes : 4
Gangsters - Hits : 32 - Faceoff Wins : 30 - Blocked Shots : 11 - Penalty Minutes : 12
Official
Referees : McCauley Wes and Meier Brad
Linesman : Andy McElman and Michel Cormier
Game Notes
No Game Note
Finance
Level 1 -- Attendance: 1427 (71.35%) -- Ticket Income $57,080
Level 2 -- Attendance: 693 (69.30%) -- Ticket Income $13,860
Total Attendance: 2120 (70.67%)
Total Ticket Income: $70,940
Other Income: $3,547
Total Income: $74,487
Mustangs
5 vs 5 Forward
Center Left Wing Right Wing Time % Phy DF OF
1 Riley Sheahan Eric Wellwood Josh Jooris 40 1 2 2
2 Rick Schofield Marcus Foligno Andrew Shaw 30 1 2 2
3 Andreas Athanasiou Joshua Leivo Jerome Samson 20 1 2 2
4 Riley Nash Curtis Hamilton Francis Paré 10 1 2 2
5 vs 5 Defense
Defense Defense Time % Phy DF OF
1 Derek Joslin Cameron Gaunce 40 1 2 2
2 Brady Skjei Mark Pysyk 30 1 2 2
3 Alexei Marchenko Scott Mayfield 20 1 2 2
4 Derek Joslin Cameron Gaunce 10 1 2 2
PowerPlay Forward
Center Left Wing Right Wing Time % Phy DF OF
1 Riley Sheahan Eric Wellwood Josh Jooris 60 1 2 2
2 Rick Schofield Marcus Foligno Andrew Shaw 40 1 2 2
PowerPlay Defense
Defense Defense Time % Phy DF OF
1 Derek Joslin Cameron Gaunce 60 1 2 2
2 Brady Skjei Mark Pysyk 40 1 2 2
Penalty Kill 4 Players Forward
Center Wing Time % Phy DF OF
1 Riley Sheahan Marcus Foligno 60 1 2 2
2 Rick Schofield Josh Jooris 40 1 2 2
Penalty Kill 4 Players Defense
Defense Defense Time % Phy DF OF
1 Derek Joslin Cameron Gaunce 60 1 2 2
2 Alexei Marchenko Mark Pysyk 40 1 2 2
Penalty Kill - 3 Players Forward
Forward Time % Phy DF OF
1 Riley Sheahan 60 1 2 2
2 Rick Schofield 40 1 2 2
Penalty Kill - 3 Players Defense
Defense Defense Time % Phy DF OF
1 Derek Joslin Cameron Gaunce 60 1 2 2
2 Alexei Marchenko Mark Pysyk 40 1 2 2
4 vs 4 Forward
Center Wing Time % Phy DF OF
1 Riley Sheahan Marcus Foligno 60 1 2 2
2 Rick Schofield Josh Jooris 40 1 2 2
4 vs 4 Defense
Defense Defense Time % Phy DF OF
1 Derek Joslin Cameron Gaunce 60 1 2 2
2 Brady Skjei Mark Pysyk 40 1 2 2
Last Minutes Offensive
Center Left Wing Right Wing Defense Defense
Riley Sheahan Marcus Foligno Josh Jooris Derek Joslin Cameron Gaunce
Last Minutes Defensive
Center Left Wing Right Wing Defense Defense
Riley Sheahan Marcus Foligno Josh Jooris Derek Joslin Cameron Gaunce
Goaltenders
Starting : Peter Mannino
Backup : Chet Pickard
Extra Forwards
Normal : Riley Sheahan, Andrew Shaw, Jerome Samson - PP : Jerome Samson, Andrew Shaw - PK : Marcus Foligno
Extra Defensemen
Normal : Cameron Gaunce, Alexei Marchenko, Mark Pysyk - PP : Cameron Gaunce - PK : Alexei Marchenko, Derek Joslin
Penalty Shots
Andreas Athanasiou, Rick Schofield, Andrew Shaw, Marcus Foligno, Josh Jooris
Scratches
Roman Horak (Healthy), Dominik Uher (Healthy), Joe Finley (Healthy), Eric Knodel (Healthy), Matthew Finn (Healthy)
Danny Biega (Healthy), Jim O'Brien (Healthy), Raphael Bussieres (Healthy), Sam Kurker (Healthy), Max Gortz (Healthy)
Denis Bodrov (Healthy), Justin Peters (Healthy), Joacim Eriksson (Healthy)
Gangsters
5 vs 5 Forward
Center Left Wing Right Wing Time % Phy DF OF
1 Artem Anisimov Chris Bourque Richard Panik 40 1 2 2
2 Tomas Hertl Magnus Paajarvi-Svensson Devante Smith-Pelly 30 1 2 2
3 Maxime Sauvé Brendan Woods Stefan Noesen 20 1 2 2
4 Seth Griffith Phillip Danault Sebastian Collberg 10 1 2 2
5 vs 5 Defense
Defense Defense Time % Phy DF OF
1 Bryan Young Matt Delahey 40 1 2 2
2 Morgan Ellis Jonas Brodin 30 1 2 2
3 Ryan Culkin Derrick Pouliot 20 1 2 2
4 Bryan Young Matt Delahey 10 1 2 2
PowerPlay Forward
Center Left Wing Right Wing Time % Phy DF OF
1 Artem Anisimov Chris Bourque Richard Panik 60 1 2 2
2 Tomas Hertl Magnus Paajarvi-Svensson Devante Smith-Pelly 40 1 2 2
PowerPlay Defense
Defense Defense Time % Phy DF OF
1 Bryan Young Matt Delahey 60 1 2 2
2 Morgan Ellis Jonas Brodin 40 1 2 2
Penalty Kill 4 Players Forward
Center Wing Time % Phy DF OF
1 Chris Bourque Artem Anisimov 60 1 2 2
2 Maxime Sauvé Tomas Hertl 40 1 2 2
Penalty Kill 4 Players Defense
Defense Defense Time % Phy DF OF
1 Bryan Young Matt Delahey 60 1 2 2
2 Morgan Ellis Jonas Brodin 40 1 2 2
Penalty Kill - 3 Players Forward
Forward Time % Phy DF OF
1 Chris Bourque 60 1 2 2
2 Artem Anisimov 40 1 2 2
Penalty Kill - 3 Players Defense
Defense Defense Time % Phy DF OF
1 Bryan Young Matt Delahey 60 1 2 2
2 Morgan Ellis Jonas Brodin 40 1 2 2
4 vs 4 Forward
Center Wing Time % Phy DF OF
1 Chris Bourque Artem Anisimov 60 1 2 2
2 Maxime Sauvé Tomas Hertl 40 1 2 2
4 vs 4 Defense
Defense Defense Time % Phy DF OF
1 Bryan Young Matt Delahey 60 1 2 2
2 Morgan Ellis Jonas Brodin 40 1 2 2
Last Minutes Offensive
Center Left Wing Right Wing Defense Defense
Artem Anisimov Chris Bourque Richard Panik Bryan Young Matt Delahey
Last Minutes Defensive
Center Left Wing Right Wing Defense Defense
Artem Anisimov Chris Bourque Richard Panik Bryan Young Matt Delahey
Goaltenders
Starting : Mike Condon
Backup : Dustin Tokarski
Extra Forwards
Normal : Brendan Woods, Stefan Noesen, Seth Griffith - PP : Brendan Woods, Stefan Noesen - PK : Seth Griffith
Extra Defensemen
Normal : Ryan Culkin, Derrick Pouliot, Morgan Ellis - PP : Ryan Culkin - PK : Derrick Pouliot, Morgan Ellis
Penalty Shots
Chris Bourque, Artem Anisimov, Maxime Sauvé, Tomas Hertl, Richard Panik
Scratches
Kevin Roy (Healthy), Brett Ponich (Healthy), Michael Sdao (Healthy), Austen Brassard (Healthy), Dave Dziurzynski (Back Surgery Injury)
Jordan Binnington (Healthy)
% Time on Ice - Mustangs
Lines # - Real PCT - Wanted PCT - Time Play
Normal Forward
1 - 36% - 40% - 17:46
2 - 23% - 30% - 11:29
3 - 24% - 20% - 11:54
4 - 17% - 10% - 8:13
Normal Defense
1 - 40% - 40% - 19:49
2 - 33% - 30% - 16:14
3 - 23% - 20% - 11:30
4 - 4% - 10% - 1:49
PP Forward
1 - 54% - 60% - 3:34
2 - 47% - 40% - 3:06
PP Defense
1 - 58% - 60% - 3:53
2 - 42% - 40% - 2:47
PK Forward
1 - 75% - 60% - 2:59
2 - 25% - 40% - 0:59
PK Defense
1 - 43% - 60% - 1:42
2 - 57% - 40% - 2:16
PK3 Forward
1 - 0% - 60%
2 - 0% - 40%
PK3 Defense
1 - 0% - 60%
2 - 0% - 40%
44 Forward
1 - 0% - 60%
2 - 0% - 40%
44 Defense
1 - 0% - 60%
2 - 0% - 40%
Last Minute Offensive - 0:00
Last Minute Defensive - 0:00
Total
Forward - 60:00
Defense - 60:00
|
% Time on Ice - Gangsters
Lines # - Real PCT - Wanted PCT - Time Play
Normal Forward
1 - 35% - 40% - 17:27
2 - 25% - 30% - 12:22
3 - 24% - 20% - 12:01
4 - 15% - 10% - 7:32
Normal Defense
1 - 41% - 40% - 20:21
2 - 33% - 30% - 16:04
3 - 21% - 20% - 10:18
4 - 5% - 10% - 2:39
PP Forward
1 - 51% - 60% - 2:02
2 - 49% - 40% - 1:56
PP Defense
1 - 53% - 60% - 2:06
2 - 47% - 40% - 1:52
PK Forward
1 - 84% - 60% - 5:34
2 - 17% - 40% - 1:06
PK Defense
1 - 60% - 60% - 3:58
2 - 41% - 40% - 2:42
PK3 Forward
1 - 0% - 60%
2 - 0% - 40%
PK3 Defense
1 - 0% - 60%
2 - 0% - 40%
44 Forward
1 - 0% - 60%
2 - 0% - 40%
44 Defense
1 - 0% - 60%
2 - 0% - 40%
Last Minute Offensive - 0:00
Last Minute Defensive - 0:00
Total
Forward - 60:00
Defense - 60:00
|
Play by Play
1st period
0:01 of 1st period - Artem Anisimov wins face-off versus Riley Sheahan in neutral zone.
0:09 of 1st period - Wrist shot by Josh Jooris.
0:09 of 1st period - Shot Misses the Net.
0:15 of 1st period - Wrist shot by Eric Wellwood.
0:15 of 1st period - Stopped by Mike Condon with a rebound.
0:25 of 1st period - Rick Schofield is hit by Tomas Hertl and loses puck.
0:59 of 1st period - Slapshot by Marcus Foligno.
0:59 of 1st period - Stopped by Mike Condon with a rebound.
1:01 of 1st period - Slapshot by Cameron Gaunce.
1:01 of 1st period - Stopped by Mike Condon without a rebound.
1:02 of 1st period - Maxime Sauvé wins face-off versus Andreas Athanasiou in Gangsters zone.
1:09 of 1st period - Slapshot by Jonas Brodin.
1:09 of 1st period - Stopped by Peter Mannino with a rebound.
1:11 of 1st period - Slapshot by Morgan Ellis.
1:11 of 1st period - Shot Blocked by Mark Pysyk.
1:13 of 1st period - Slapshot by Morgan Ellis.
1:13 of 1st period - Stopped by Peter Mannino with a rebound.
1:46 of 1st period - Icing by Andreas Athanasiou.
1:47 of 1st period - Artem Anisimov wins face-off versus Jerome Samson in Mustangs zone.
2:02 of 1st period - Slapshot by Chris Bourque.
2:02 of 1st period - Shot Hit the Post.
2:09 of 1st period - Off-side.
2:10 of 1st period - Maxime Sauvé wins face-off versus Riley Sheahan in neutral zone.
2:13 of 1st period - Wrist shot by Maxime Sauvé.
2:13 of 1st period - Stopped by Peter Mannino with a rebound.
2:53 of 1st period - Slapshot by Eric Wellwood.
2:53 of 1st period - Deflect By Josh Jooris.
2:53 of 1st period - Shot Misses the Net.
2:53 of 1st period - Puck is out of play.
2:54 of 1st period - Riley Nash wins face-off versus Artem Anisimov in Gangsters zone.
2:55 of 1st period - Slapshot by Derek Joslin.
2:55 of 1st period - Deflect By Riley Nash.
2:55 of 1st period - Shot Misses the Net.
2:55 of 1st period - Puck is out of play.
2:56 of 1st period - Riley Nash wins face-off versus Richard Panik in Gangsters zone.
3:03 of 1st period - Slapshot by Derek Joslin.
3:03 of 1st period - Shot Misses the Net.
3:05 of 1st period - Slapshot by Cameron Gaunce.
3:05 of 1st period - Stopped by Mike Condon with a rebound.
3:07 of 1st period - Slapshot by Derek Joslin.
3:07 of 1st period - Stopped by Mike Condon with a rebound.
3:09 of 1st period - Snap shot by Francis Paré.
3:09 of 1st period - Stopped by Mike Condon with a rebound.
3:34 of 1st period - Rick Schofield is hit by Seth Griffith and loses puck.
3:47 of 1st period - Morgan Ellis is hit by Scott Mayfield and loses puck.
4:11 of 1st period - Francis Paré is hit by Devante Smith-Pelly and loses puck.
4:44 of 1st period - Derek Joslin is hit by Seth Griffith and loses puck.
5:11 of 1st period - Snap shot by Riley Sheahan.
5:11 of 1st period - Shot Blocked by Bryan Young.
5:13 of 1st period - Slapshot by Eric Wellwood.
5:13 of 1st period - Stopped by Mike Condon with a rebound.
5:15 of 1st period - Snap shot by Josh Jooris.
5:15 of 1st period - Stopped by Mike Condon without a rebound.
5:16 of 1st period - Rick Schofield wins face-off versus Artem Anisimov in Gangsters zone.
5:37 of 1st period - Minor Penalty to Chris Bourque for Hooking.
5:38 of 1st period - Seth Griffith wins face-off versus Josh Jooris in Gangsters zone.
6:08 of 1st period - Wrist shot by Rick Schofield.
6:08 of 1st period - Shot Misses the Net.
6:10 of 1st period - Snap shot by Marcus Foligno.
6:10 of 1st period - Shot Blocked by Matt Delahey.
6:12 of 1st period - Slapshot by Mark Pysyk.
6:12 of 1st period - Goal by Mark Pysyk - Mustangs : 1 - Gangsters : 0.
6:13 of 1st period - Tomas Hertl wins face-off versus Eric Wellwood in neutral zone.
6:21 of 1st period - Icing by Matt Delahey.
6:22 of 1st period - Tomas Hertl wins face-off versus Riley Sheahan in Gangsters zone.
6:33 of 1st period - Slapshot by Tomas Hertl.
6:33 of 1st period - Shot Blocked by Derek Joslin.
7:18 of 1st period - Riley Sheahan is hit by Devante Smith-Pelly and loses puck.
7:30 of 1st period - Minor Penalty to Devante Smith-Pelly for Hooking.
7:31 of 1st period - Rick Schofield wins face-off versus Chris Bourque in Gangsters zone.
7:31 of 1st period - Wrist shot by Marcus Foligno.
7:31 of 1st period - Shot Misses the Net.
8:56 of 1st period - Tomas Hertl is hit by Eric Wellwood and loses puck.
9:27 of 1st period - Chris Bourque is hit by Rick Schofield and loses puck.
9:30 of 1st period - Penalty to Devante Smith-Pelly is over, Devante Smith-Pelly is back on ice.
9:40 of 1st period - Wrist shot by Brendan Woods.
9:40 of 1st period - Shot Misses the Net.
9:46 of 1st period - Slapshot by Brady Skjei.
9:46 of 1st period - Deflect By Francis Paré.
9:46 of 1st period - Stopped by Mike Condon with a rebound.
10:19 of 1st period - Off-side.
10:20 of 1st period - Riley Nash wins face-off versus Tomas Hertl in neutral zone.
10:45 of 1st period - Maxime Sauvé is hit by Cameron Gaunce and loses puck.
11:25 of 1st period - Snap shot by Seth Griffith.
11:25 of 1st period - Deflect By Phillip Danault.
11:25 of 1st period - Shot Blocked by Marcus Foligno.
11:25 of 1st period - Puck is out of play.
11:26 of 1st period - Rick Schofield wins face-off versus Phillip Danault in Mustangs zone.
11:37 of 1st period - Snap shot by Marcus Foligno.
11:37 of 1st period - Shot Blocked by Jonas Brodin.
11:39 of 1st period - Backhand shot by Rick Schofield.
11:39 of 1st period - Stopped by Mike Condon without a rebound.
11:40 of 1st period - Josh Jooris wins face-off versus Artem Anisimov in Gangsters zone.
12:05 of 1st period - Magnus Paajarvi-Svensson is hit by Marcus Foligno and loses puck.
12:56 of 1st period - Wrist shot by Riley Nash.
12:56 of 1st period - Stopped by Mike Condon without a rebound.
12:57 of 1st period - Rick Schofield wins face-off versus Tomas Hertl in Gangsters zone.
13:10 of 1st period - Snap shot by Tomas Hertl.
13:10 of 1st period - Shot Misses the Net.
13:47 of 1st period - Slapshot by Jerome Samson.
13:47 of 1st period - Shot Misses the Net.
13:49 of 1st period - Wrist shot by Derek Joslin.
13:49 of 1st period - Deflect By Jerome Samson.
13:49 of 1st period - Goal by Jerome Samson - Mustangs : 2 - Gangsters : 0.
13:50 of 1st period - Artem Anisimov wins face-off versus Rick Schofield in neutral zone.
13:53 of 1st period - Wrist shot by Artem Anisimov.
13:53 of 1st period - Shot Misses the Net.
14:01 of 1st period - Snap shot by Artem Anisimov.
14:01 of 1st period - Stopped by Peter Mannino without a rebound.
14:02 of 1st period - Rick Schofield wins face-off versus Artem Anisimov in Mustangs zone.
15:35 of 1st period - Francis Paré is hit by Chris Bourque and loses puck.
15:42 of 1st period - Snap shot by Richard Panik.
15:42 of 1st period - Shot Blocked by Derek Joslin.
15:44 of 1st period - Snap shot by Artem Anisimov.
15:44 of 1st period - Shot Misses the Net.
15:46 of 1st period - Snap shot by Richard Panik.
15:46 of 1st period - Stopped by Peter Mannino without a rebound.
15:47 of 1st period - Riley Sheahan wins face-off versus Tomas Hertl in Mustangs zone.
16:03 of 1st period - Slapshot by Josh Jooris.
16:03 of 1st period - Shot Blocked by Magnus Paajarvi-Svensson.
16:17 of 1st period - Snap shot by Marcus Foligno.
16:17 of 1st period - Shot Blocked by Maxime Sauvé.
16:19 of 1st period - Slapshot by Mark Pysyk.
16:19 of 1st period - Shot Misses the Net.
16:21 of 1st period - Snap shot by Marcus Foligno.
16:21 of 1st period - Stopped by Mike Condon with a rebound.
16:23 of 1st period - Slapshot by Rick Schofield.
16:23 of 1st period - Shot Misses the Net.
16:25 of 1st period - Slapshot by Mark Pysyk.
16:25 of 1st period - Deflect By Bryan Young.
16:25 of 1st period - Stopped by Mike Condon with a rebound.
16:27 of 1st period - Slapshot by Brady Skjei.
16:27 of 1st period - Shot Blocked by Maxime Sauvé.
16:29 of 1st period - Snap shot by Rick Schofield.
16:29 of 1st period - Shot Misses the Net.
16:35 of 1st period - Minor Penalty to Stefan Noesen for Interference.
16:36 of 1st period - Eric Wellwood wins face-off versus Maxime Sauvé in Gangsters zone.
16:37 of 1st period - Wrist shot by Josh Jooris.
16:37 of 1st period - Goal by Josh Jooris - Mustangs : 3 - Gangsters : 0.
16:38 of 1st period - Tomas Hertl wins face-off versus Riley Sheahan in neutral zone.
16:45 of 1st period - Snap shot by Devante Smith-Pelly.
16:45 of 1st period - Goal by Devante Smith-Pelly - Mustangs : 3 - Gangsters : 1.
16:46 of 1st period - Chris Bourque wins face-off versus Riley Sheahan in neutral zone.
17:45 of 1st period - Snap shot by Tomas Hertl.
17:45 of 1st period - Stopped by Peter Mannino with a rebound.
17:57 of 1st period - Wrist shot by Joshua Leivo.
17:57 of 1st period - Shot Misses the Net.
18:05 of 1st period - Wrist shot by Joshua Leivo.
18:05 of 1st period - Stopped by Mike Condon with a rebound.
18:07 of 1st period - Snap shot by Mark Pysyk.
18:07 of 1st period - Shot Misses the Net.
18:29 of 1st period - Slapshot by Artem Anisimov.
18:29 of 1st period - Shot Misses the Net.
19:03 of 1st period - Wrist shot by Maxime Sauvé.
19:03 of 1st period - Shot Misses the Net.
19:05 of 1st period - Snap shot by Devante Smith-Pelly.
19:05 of 1st period - Stopped by Peter Mannino without a rebound.
19:06 of 1st period - Tomas Hertl wins face-off versus Joshua Leivo in Mustangs zone.
19:13 of 1st period - Snap shot by Magnus Paajarvi-Svensson.
19:13 of 1st period - Deflect By Tomas Hertl.
19:13 of 1st period - Goal by Tomas Hertl - Mustangs : 3 - Gangsters : 2.
19:14 of 1st period - Riley Sheahan wins face-off versus Artem Anisimov in neutral zone.
19:58 of 1st period - Brady Skjei is hit by Bryan Young.
Goals for this period are 3 for Mustangs vs 2 for Gangsters.
Shots for this period are 17 for Mustangs vs 9 for Gangsters.
2nd period
0:01 of 2nd period - Riley Sheahan wins face-off versus Artem Anisimov in neutral zone.
0:14 of 2nd period - Snap shot by Josh Jooris.
0:14 of 2nd period - Stopped by Mike Condon without a rebound.
0:15 of 2nd period - Rick Schofield wins face-off versus Tomas Hertl in Gangsters zone.
0:40 of 2nd period - Josh Jooris is hit by Chris Bourque and loses puck.
1:47 of 2nd period - Snap shot by Marcus Foligno.
1:47 of 2nd period - Shot Misses the Net.
2:21 of 2nd period - Minor Penalty to Alexei Marchenko for Hooking.
2:22 of 2nd period - Marcus Foligno wins face-off versus Chris Bourque in Mustangs zone.
2:22 of 2nd period - Marcus Foligno is hit by Chris Bourque.
4:11 of 2nd period - Bryan Young is hit by Scott Mayfield and loses puck.
4:21 of 2nd period - Penalty to Alexei Marchenko is over, Alexei Marchenko is back on ice.
4:34 of 2nd period - Jonas Brodin is hit by Joshua Leivo and loses puck.
4:41 of 2nd period - Jerome Samson is hit by Morgan Ellis.
5:24 of 2nd period - Brendan Woods is hit by Brady Skjei and loses puck.
5:35 of 2nd period - Cameron Gaunce is hit by Artem Anisimov and loses puck.
6:35 of 2nd period - Bryan Young is hit by Riley Nash.
6:52 of 2nd period - Jonas Brodin is hit by Riley Sheahan and loses puck.
7:05 of 2nd period - Artem Anisimov is hit by Andreas Athanasiou and loses puck.
7:28 of 2nd period - Tomas Hertl is hit by Andrew Shaw and loses puck.
7:44 of 2nd period - Bryan Young is hit by Cameron Gaunce and loses puck.
7:57 of 2nd period - Cameron Gaunce is hit by Morgan Ellis and loses puck.
8:06 of 2nd period - Morgan Ellis is hit by Cameron Gaunce and loses puck.
8:54 of 2nd period - Slapshot by Riley Nash.
8:54 of 2nd period - Shot Misses the Net.
8:56 of 2nd period - Snap shot by Francis Paré.
8:56 of 2nd period - Shot Misses the Net.
8:58 of 2nd period - Slapshot by Mark Pysyk.
8:58 of 2nd period - Shot Misses the Net.
9:00 of 2nd period - Snap shot by Brady Skjei.
9:00 of 2nd period - Deflect By Riley Nash.
9:00 of 2nd period - Stopped by Mike Condon with a rebound.
9:02 of 2nd period - Slapshot by Francis Paré.
9:02 of 2nd period - Shot Blocked by Bryan Young.
9:10 of 2nd period - Minor Penalty to Chris Bourque for Holding.
9:11 of 2nd period - Riley Sheahan wins face-off versus Seth Griffith in Gangsters zone.
9:22 of 2nd period - Slapshot by Derek Joslin.
9:22 of 2nd period - Shot Misses the Net.
11:10 of 2nd period - Penalty to Chris Bourque is over, Chris Bourque is back on ice.
11:26 of 2nd period - Derrick Pouliot is hit by Andreas Athanasiou and loses puck.
11:51 of 2nd period - Derrick Pouliot is hit by Curtis Hamilton and loses puck.
12:06 of 2nd period - Seth Griffith is hit by Joshua Leivo and loses puck.
12:17 of 2nd period - Josh Jooris is hit by Morgan Ellis.
12:37 of 2nd period - Jerome Samson is hit by Magnus Paajarvi-Svensson and loses puck.
12:44 of 2nd period - Devante Smith-Pelly is hit by Brady Skjei and loses puck.
13:02 of 2nd period - Joshua Leivo is hit by Maxime Sauvé and loses puck.
13:15 of 2nd period - Andrew Shaw is hit by Jonas Brodin and loses puck.
13:26 of 2nd period - Marcus Foligno is hit by Richard Panik and loses puck.
13:39 of 2nd period - Scott Mayfield is hit by Devante Smith-Pelly and loses puck.
13:59 of 2nd period - Jonas Brodin is hit by Eric Wellwood and loses puck.
14:12 of 2nd period - Slapshot by Magnus Paajarvi-Svensson.
14:12 of 2nd period - Shot Hit the Post.
14:14 of 2nd period - Slapshot by Magnus Paajarvi-Svensson.
14:14 of 2nd period - Stopped by Peter Mannino without a rebound.
14:15 of 2nd period - Artem Anisimov wins face-off versus Rick Schofield in Mustangs zone.
15:42 of 2nd period - Jerome Samson is hit by Magnus Paajarvi-Svensson and loses puck.
16:05 of 2nd period - Wrist shot by Jerome Samson.
16:05 of 2nd period - Deflect By Andreas Athanasiou.
16:05 of 2nd period - Stopped by Mike Condon with a rebound.
16:11 of 2nd period - Andreas Athanasiou is hit by Morgan Ellis and loses puck.
16:45 of 2nd period - Snap shot by Magnus Paajarvi-Svensson.
16:45 of 2nd period - Deflect By Andrew Shaw.
16:45 of 2nd period - Stopped by Peter Mannino with a rebound.
16:57 of 2nd period - Andrew Shaw is hit by Sebastian Collberg and loses puck.
17:02 of 2nd period - Slapshot by Jonas Brodin.
17:02 of 2nd period - Shot Misses the Net.
17:04 of 2nd period - Slapshot by Morgan Ellis.
17:04 of 2nd period - Shot Blocked by Andrew Shaw.
17:06 of 2nd period - Wrist shot by Seth Griffith.
17:06 of 2nd period - Stopped by Peter Mannino with a rebound.
17:24 of 2nd period - Wrist shot by Rick Schofield.
17:24 of 2nd period - Shot Blocked by Morgan Ellis.
17:26 of 2nd period - Slapshot by Cameron Gaunce.
17:26 of 2nd period - Deflect By Rick Schofield.
17:26 of 2nd period - Shot Misses the Net.
17:26 of 2nd period - Puck is out of play.
17:27 of 2nd period - Riley Sheahan wins face-off versus Artem Anisimov in Gangsters zone.
17:37 of 2nd period - Snap shot by Alexei Marchenko.
17:37 of 2nd period - Stopped by Mike Condon without a rebound.
17:38 of 2nd period - Riley Sheahan wins face-off versus Artem Anisimov in Gangsters zone.
17:49 of 2nd period - Wrist shot by Richard Panik.
17:49 of 2nd period - Shot Hit the Post.
17:53 of 2nd period - Snap shot by Chris Bourque.
17:53 of 2nd period - Stopped by Peter Mannino without a rebound.
17:54 of 2nd period - Rick Schofield wins face-off versus Tomas Hertl in Mustangs zone.
17:54 of 2nd period - Rick Schofield is hit by Devante Smith-Pelly.
18:03 of 2nd period - Wrist shot by Magnus Paajarvi-Svensson.
18:03 of 2nd period - Stopped by Peter Mannino with a rebound.
18:05 of 2nd period - Slapshot by Bryan Young.
18:05 of 2nd period - Deflect By Andrew Shaw.
18:05 of 2nd period - Stopped by Peter Mannino with a rebound.
18:07 of 2nd period - Slapshot by Bryan Young.
18:07 of 2nd period - Deflect By Devante Smith-Pelly.
18:07 of 2nd period - Deflect By Andrew Shaw.
18:07 of 2nd period - Shot Blocked by Marcus Foligno.
18:07 of 2nd period - Puck is out of play.
18:08 of 2nd period - Artem Anisimov wins face-off versus Riley Sheahan in Mustangs zone.
18:33 of 2nd period - Cameron Gaunce is hit by Devante Smith-Pelly and loses puck.
18:43 of 2nd period - Mark Pysyk is hit by Magnus Paajarvi-Svensson and loses puck.
18:50 of 2nd period - Minor Penalty to Devante Smith-Pelly for Hooking.
18:51 of 2nd period - Chris Bourque wins face-off versus Riley Sheahan in Gangsters zone.
19:01 of 2nd period - Icing by Derek Joslin.
19:02 of 2nd period - Riley Sheahan wins face-off versus Chris Bourque in Mustangs zone.
19:20 of 2nd period - Slapshot by Chris Bourque.
19:20 of 2nd period - Stopped by Peter Mannino with a rebound.
19:26 of 2nd period - Slapshot by Derek Joslin.
19:26 of 2nd period - Stopped by Mike Condon with a rebound.
19:28 of 2nd period - Wrist shot by Josh Jooris.
19:28 of 2nd period - Stopped by Mike Condon without a rebound.
19:29 of 2nd period - Chris Bourque wins face-off versus Rick Schofield in Gangsters zone.
19:48 of 2nd period - Chris Bourque is hit by Brady Skjei and loses puck.
Goals for this period are 0 for Mustangs vs 0 for Gangsters.
Shots for this period are 6 for Mustangs vs 7 for Gangsters.
3rd period
0:01 of 3rd period - Chris Bourque wins face-off versus Riley Sheahan in neutral zone.
0:06 of 3rd period - Slapshot by Matt Delahey.
0:06 of 3rd period - Deflect By Chris Bourque.
0:06 of 3rd period - Stopped by Peter Mannino with a rebound.
0:50 of 3rd period - Penalty to Devante Smith-Pelly is over, Devante Smith-Pelly is back on ice.
1:19 of 3rd period - Minor Penalty to Curtis Hamilton for Boarding.
1:20 of 3rd period - Artem Anisimov wins face-off versus Riley Sheahan in Mustangs zone.
1:22 of 3rd period - Backhand shot by Artem Anisimov.
1:22 of 3rd period - Shot Misses the Net.
1:24 of 3rd period - Slapshot by Jonas Brodin.
1:24 of 3rd period - Stopped by Peter Mannino with a rebound.
2:44 of 3rd period - Chris Bourque is hit by Rick Schofield and loses puck.
3:19 of 3rd period - Penalty to Curtis Hamilton is over, Curtis Hamilton is back on ice.
3:19 of 3rd period - Brendan Woods is hit by Andreas Athanasiou and loses puck.
3:31 of 3rd period - Curtis Hamilton is hit by Morgan Ellis and loses puck.
3:53 of 3rd period - Wrist shot by Marcus Foligno.
3:53 of 3rd period - Shot Misses the Net.
4:03 of 3rd period - Andreas Athanasiou is hit by Seth Griffith and loses puck.
5:05 of 3rd period - Phillip Danault is hit by Andrew Shaw and loses puck.
5:18 of 3rd period - Scott Mayfield is hit by Stefan Noesen and loses puck.
5:29 of 3rd period - Riley Sheahan is hit by Artem Anisimov and loses puck.
6:19 of 3rd period - Ryan Culkin is hit by Andreas Athanasiou and loses puck.
6:35 of 3rd period - Off-side.
6:36 of 3rd period - Riley Sheahan wins face-off versus Tomas Hertl in neutral zone.
6:38 of 3rd period - Off-side.
6:39 of 3rd period - Riley Sheahan wins face-off versus Tomas Hertl in neutral zone.
6:47 of 3rd period - Tomas Hertl is hit by Mark Pysyk and loses puck.
7:44 of 3rd period - Slapshot by Brady Skjei.
7:44 of 3rd period - Deflect By Bryan Young.
7:44 of 3rd period - Stopped by Mike Condon with a rebound.
7:46 of 3rd period - Slapshot by Riley Sheahan.
7:46 of 3rd period - Stopped by Mike Condon with a rebound.
7:48 of 3rd period - Snap shot by Josh Jooris.
7:48 of 3rd period - Deflect By Bryan Young.
7:48 of 3rd period - Stopped by Mike Condon without a rebound.
7:49 of 3rd period - Riley Sheahan wins face-off versus Artem Anisimov in Gangsters zone.
8:14 of 3rd period - Derrick Pouliot is hit by Marcus Foligno and loses puck.
8:37 of 3rd period - Slapshot by Derek Joslin.
8:37 of 3rd period - Shot Misses the Net.
8:39 of 3rd period - Snap shot by Jerome Samson.
8:39 of 3rd period - Stopped by Mike Condon without a rebound.
8:40 of 3rd period - Artem Anisimov wins face-off versus Andreas Athanasiou in Gangsters zone.
8:49 of 3rd period - Wrist shot by Jerome Samson.
8:49 of 3rd period - Stopped by Mike Condon with a rebound.
9:43 of 3rd period - Stefan Noesen is hit by Alexei Marchenko.
9:57 of 3rd period - Slapshot by Francis Paré.
9:57 of 3rd period - Shot Misses the Net.
9:59 of 3rd period - Snap shot by Francis Paré.
9:59 of 3rd period - Shot Blocked by Ryan Culkin.
10:01 of 3rd period - Wrist shot by Curtis Hamilton.
10:01 of 3rd period - Shot Misses the Net.
10:03 of 3rd period - Backhand shot by Alexei Marchenko.
10:03 of 3rd period - Stopped by Mike Condon with a rebound.
10:05 of 3rd period - Slapshot by Scott Mayfield.
10:05 of 3rd period - Stopped by Mike Condon with a rebound.
10:11 of 3rd period - Minor Penalty to Derrick Pouliot for Hooking.
10:12 of 3rd period - Riley Sheahan wins face-off versus Chris Bourque in Gangsters zone.
10:15 of 3rd period - Snap shot by Eric Wellwood.
10:15 of 3rd period - Shot Blocked by Bryan Young.
10:17 of 3rd period - Snap shot by Josh Jooris.
10:17 of 3rd period - Goal by Josh Jooris - Mustangs : 4 - Gangsters : 2.
10:18 of 3rd period - Richard Panik wins face-off versus Riley Sheahan in neutral zone.
10:29 of 3rd period - Slapshot by Matt Delahey.
10:29 of 3rd period - Stopped by Peter Mannino with a rebound.
10:31 of 3rd period - Slapshot by Matt Delahey.
10:31 of 3rd period - Stopped by Peter Mannino without a rebound.
10:32 of 3rd period - Artem Anisimov wins face-off versus Riley Sheahan in Mustangs zone.
10:58 of 3rd period - Snap shot by Brady Skjei.
10:58 of 3rd period - Stopped by Mike Condon with a rebound.
11:21 of 3rd period - Rick Schofield is hit by Matt Delahey and loses puck.
11:26 of 3rd period - Wrist shot by Tomas Hertl.
11:26 of 3rd period - Goal by Tomas Hertl - Mustangs : 4 - Gangsters : 3.
11:27 of 3rd period - Tomas Hertl wins face-off versus Riley Sheahan in neutral zone.
11:42 of 3rd period - Slapshot by Jonas Brodin.
11:42 of 3rd period - Stopped by Peter Mannino with a rebound.
11:54 of 3rd period - Jonas Brodin is hit by Rick Schofield and loses puck.
12:01 of 3rd period - Slapshot by Rick Schofield.
12:01 of 3rd period - Goal by Rick Schofield - Mustangs : 5 - Gangsters : 3.
12:02 of 3rd period - Artem Anisimov wins face-off versus Riley Sheahan in neutral zone.
12:15 of 3rd period - Wrist shot by Chris Bourque.
12:15 of 3rd period - Stopped by Peter Mannino without a rebound.
12:16 of 3rd period - Artem Anisimov wins face-off versus Riley Sheahan in Mustangs zone.
12:21 of 3rd period - Snap shot by Richard Panik.
12:21 of 3rd period - Stopped by Peter Mannino without a rebound.
12:22 of 3rd period - Artem Anisimov wins face-off versus Riley Sheahan in Mustangs zone.
13:05 of 3rd period - Snap shot by Riley Sheahan.
13:05 of 3rd period - Shot Misses the Net.
13:07 of 3rd period - Snap shot by Riley Sheahan.
13:07 of 3rd period - Stopped by Mike Condon without a rebound.
13:08 of 3rd period - Artem Anisimov wins face-off versus Rick Schofield in Gangsters zone.
13:35 of 3rd period - Brady Skjei is hit by Seth Griffith and loses puck.
14:02 of 3rd period - Snap shot by Derek Joslin.
14:02 of 3rd period - Shot Misses the Net.
15:02 of 3rd period - Snap shot by Joshua Leivo.
15:02 of 3rd period - Shot Blocked by Bryan Young.
15:04 of 3rd period - Backhand shot by Derek Joslin.
15:04 of 3rd period - Shot Misses the Net.
15:06 of 3rd period - Slapshot by Derek Joslin.
15:06 of 3rd period - Shot Misses the Net.
15:16 of 3rd period - Slapshot by Bryan Young.
15:16 of 3rd period - Shot Misses the Net.
15:42 of 3rd period - Wrist shot by Maxime Sauvé.
15:42 of 3rd period - Shot Misses the Net.
15:49 of 3rd period - Icing by Mark Pysyk.
15:50 of 3rd period - Riley Nash wins face-off versus Artem Anisimov in Mustangs zone.
15:54 of 3rd period - Off-side.
15:55 of 3rd period - Artem Anisimov wins face-off versus Riley Sheahan in neutral zone.
16:08 of 3rd period - Wrist shot by Richard Panik.
16:08 of 3rd period - Shot Misses the Net.
16:10 of 3rd period - Snap shot by Richard Panik.
16:10 of 3rd period - Goal by Richard Panik - Mustangs : 5 - Gangsters : 4.
16:11 of 3rd period - Artem Anisimov wins face-off versus Riley Sheahan in neutral zone.
16:46 of 3rd period - Snap shot by Stefan Noesen.
16:46 of 3rd period - Shot Hit the Post.
16:58 of 3rd period - Cameron Gaunce is hit by Magnus Paajarvi-Svensson.
17:06 of 3rd period - Snap shot by Magnus Paajarvi-Svensson.
17:06 of 3rd period - Deflect By Tomas Hertl.
17:06 of 3rd period - Shot Blocked by Andrew Shaw.
17:06 of 3rd period - Puck is out of play.
17:07 of 3rd period - Artem Anisimov wins face-off versus Riley Sheahan in Mustangs zone.
17:07 of 3rd period - Artem Anisimov is hit by Mark Pysyk.
17:09 of 3rd period - Wrist shot by Chris Bourque.
17:09 of 3rd period - Deflect By Richard Panik.
17:09 of 3rd period - Stopped by Peter Mannino with a rebound.
17:17 of 3rd period - Snap shot by Mark Pysyk.
17:17 of 3rd period - Deflect By Chris Bourque.
17:17 of 3rd period - Stopped by Mike Condon with a rebound.
17:33 of 3rd period - Icing by Josh Jooris.
17:34 of 3rd period - Maxime Sauvé wins face-off versus Riley Sheahan in Mustangs zone.
17:40 of 3rd period - Icing by Brady Skjei.
17:41 of 3rd period - Riley Sheahan wins face-off versus Maxime Sauvé in Mustangs zone.
17:48 of 3rd period - Snap shot by Brendan Woods.
17:48 of 3rd period - Shot Blocked by Mark Pysyk.
17:50 of 3rd period - Snap shot by Bryan Young.
17:50 of 3rd period - Shot Misses the Net.
18:08 of 3rd period - Snap shot by Eric Wellwood.
18:08 of 3rd period - Stopped by Mike Condon with a rebound.
18:12 of 3rd period - Snap shot by Eric Wellwood.
18:12 of 3rd period - Stopped by Mike Condon without a rebound.
18:13 of 3rd period - Maxime Sauvé wins face-off versus Andreas Athanasiou in Gangsters zone.
18:28 of 3rd period - Snap shot by Brendan Woods.
18:28 of 3rd period - Stopped by Peter Mannino with a rebound.
18:48 of 3rd period - Slapshot by Jerome Samson.
18:48 of 3rd period - Goal by Jerome Samson - Mustangs : 6 - Gangsters : 4.
18:49 of 3rd period - Riley Sheahan wins face-off versus Maxime Sauvé in neutral zone.
19:58 of 3rd period - Brady Skjei is hit by Morgan Ellis.
Goals for this period are 3 for Mustangs vs 2 for Gangsters.
Shots for this period are 15 for Mustangs vs 11 for Gangsters.
Back to the Top